 Dungeon Crawl Stone Soup version 0.31-a0-222-gefeffbb62a (webtiles) character file.

Game seed: 5627563215751229772

1215 olmar the Cudgeller (level 8, -1/62 HPs)
             Began as a Formicid Fighter on July 5, 2023.
             Slain by an ogre
             ... wielding a +0 giant club
              (7 damage)
             ... on level 5 of the Dungeon.
             The game lasted 00:06:25 (5630 turns).

olmar the Cudgeller (Formicid Fighter)              Turns: 5630, Time: 00:06:25

Health: -1/62      AC:  8    Str: 22    XL:     8   Next: 74%
Magic:  8/8        EV:  9    Int:  9    God:
Gold:   188        SH:  5    Dex: 13    Spells: 6/7 levels left

rFire   . . .        w - +2 whip (elec)
rCold   . . .        c - +0 buckler
rNeg    + . .        y - +0 scale mail {rN+}
rPois   .            (helmet unavailable)
rElec   .            (no cloak)
rCorr   .            v - +0 pair of gloves
SInv    +            (no boots)
Will    .....        (no amulet) Stlth
                     (no ring)
HPRegen 0.30/turn    (no ring)
MPRegen 0.11/turn

%: no passive effects
@: brilliant
A: permanent stasis, dig shafts and tunnels, antennae 3, four strong arms
a: Dig, Shaft Self


You were on level 5 of the Dungeon.
You visited 1 branch of the dungeon, and saw 5 of its levels.
You also visited: Ossuary.

You collected 212 gold pieces.
You spent 24 gold pieces at shops.

Inventory:

Hand Weapons
 a - a +0 flail
 j - a +1 mace of protection
 u - a +1 vampiric spear
 w - a +2 whip of electrocution (weapon)
Missiles
 h - 16 poisoned darts
Armour
 b - a +1 scale mail
 c - a +0 buckler (worn)
 v - a +0 pair of gloves (worn)
 y - a +0 scale mail of positive energy (worn)
Jewellery
 f - a ring of flight
Wands
 s - a wand of digging (4)
Scrolls
 d - 5 scrolls of identify
 e - 4 scrolls of enchant armour
 g - 3 scrolls of teleportation {unknown}
 i - 2 scrolls of amnesia {unknown}
 m - a scroll of fog {unknown}
 n - a scroll of brand weapon {unknown}
 q - 2 scrolls of fear {unknown}
 x - 3 scrolls of blinking {unknown}
Potions
 k - a potion of haste
 l - 2 potions of magic
 o - a potion of attraction
 r - a potion of berserk rage
 t - 2 potions of degeneration


   Skills:
 + Level 5.1 Fighting
 + Level 7.0 Maces & Flails
 + Level 6.2 Armour
 - Level 0.1 Dodging
 + Level 1.3 Stealth
 + Level 6.0 Shields


You had 6 spell levels left.
You knew the following spells:

 Your Spells              Type           Power      Damage    Failure   Level
a - Sandblast             Erth           0%         2d4       75%         1

Your spell library contained the following spells:

 Spells                   Type           Power      Damage    Failure   Level
 Passwall                 Tmut/Erth      0%         N/A       87%         2
 Dazzling Flash           Conj/Hex       0%         N/A       98%         3
 Stone Arrow              Conj/Erth      0%         3d7       98%         3
 Volatile Blastmotes      Fire/Tloc      0%         2d10      98%         3
 Iskenderun's Mystic Bla  Conj/Tloc      0%         2d3       100%        4
 Starburst                Conj/Fire      0%         6d3       100%        6


Dungeon Overview and Level Annotations

Branches:
Dungeon (5/15)            Ossuary (visited)
 Temple: D:4-7

Altars:
Elyvilon
Hepliaklqana
Kikubaaqudgha
Trog
Uskayaw
Wu Jian

Shops:
D:3 ?


Innate Abilities, Weirdness & Mutations

You cannot be hasted, slowed, berserked, paralysed or teleported.
You can dig through walls and to a lower floor.
You have a pair of large antennae on your head. (SInv)
Your four strong arms can wield two-handed weapons with a shield.


Message History

You hit the ogre.
The ogre is lightly wounded.
The centaur shoots an arrow.
The arrow hits you.
Unknown command.
You hit the ogre.
The ogre is lightly wounded.
The centaur shoots an arrow.
The arrow barely misses you. The ogre closely misses you.
The centaur shoots an arrow.
The arrow hits you!
Unknown command.
Unknown command.
You whack the ogre!
The ogre is moderately wounded.
The centaur shoots an arrow.
The arrow hits you. The ogre hits you with a +0 giant club!
Unknown command.
You are too injured to fight recklessly!
You are too injured to fight recklessly!
Okay, then.
Okay, then.
It was a potion of brilliance.
You feel clever all of a sudden.
The centaur shoots an arrow.
The arrow hits you.
Unknown command.
You feel better.
The centaur shoots an arrow.
The arrow hits you but does no damage. The ogre hits you with a +0 giant club!
The centaur shoots an arrow.
The arrow hits you!
* * * LOW HITPOINT WARNING * * *
Unknown command.
You feel better. The ogre hits you with a +0 giant club.
You feel better.
The centaur shoots an arrow.
The arrow hits you!
* * * LOW HITPOINT WARNING * * *
You feel better.
The centaur shoots an arrow.
The arrow hits you!
* * * LOW HITPOINT WARNING * * *
The ogre hits you with a +0 giant club!
* * * LOW HITPOINT WARNING * * *
Unknown command.
The centaur shoots an arrow.
The arrow barely misses you.
The centaur shoots an arrow.
The arrow barely misses you. The ogre attacks as you move away!
The ogre hits you with a +0 giant club!
You die...

#........... .##
#........... ...##
#........... . ....##
###........... .. ♣...#
#.............
≈..♣♣...#####.##..........
≈........##...###.........
.........##.### ##........
.._.c≈≈.O@).# ##.......
.....≈≈..#### ##......
.........# ##.....
..##....## ##.... #....#
##.## .....## ## ....## ##
##.## #. .. #######'


You could see an ogre and a centaur.

Vanquished Creatures
  2 wraiths (Ossuary)
  2 black bears (D:4)
  A scorpion (D:5)
  2 elf skeletons (D:4)
  3 wights (Ossuary)
  2 jellies (D:3)
  2 human skeletons (D:4)
  2 human zombies (D:4)
  Natasha (D:4)
  Robin (D:2)
  7 gnolls
  An adder (D:3)
  2 adder zombies (Ossuary)
  3 worms
  A dart slug (D:1)
  3 orcs
  16 endoplasms
  A giant cockroach (D:2)
  13 goblins
  5 hobgoblins
  4 jackals (D:1)
  A quokka (D:1)
  9 ball pythons
  A ball python skeleton (Ossuary)
  7 bats
  A frilled lizard (D:3)
  2 hobgoblin zombies (Ossuary)
  13 kobolds
  3 orc skeletons (Ossuary)
  8 rats
119 creatures vanquished.

Notes
Turn   | Place    | Note
-------+----------+-------------------------------------------
     0 | D:1      | olmar the Formicid Fighter began the quest for the Orb.
     0 | D:1      | Reached XP level 1. HP: 18/18 MP: 1/1
   328 | D:1      | Reached XP level 2. HP: 24/24 MP: 2/2
  1191 | D:2      | Reached XP level 3. HP: 26/29 MP: 3/3
  1341 | D:2      | Noticed Robin
  1345 | D:2      | You fall into a shaft and drop 1 floor!
  1438 | D:3      | Found a hide-covered altar of Uskayaw.
  1603 | D:2      | You fall into a shaft and drop 2 floors!
  1652 | D:4      | Reached skill level 3 in Maces & Flails
  1652 | D:4      | Reached XP level 4. HP: 24/36 MP: 4/4
  1677 | D:4      | Reached XP level 5. HP: 25/42 MP: 5/5
  1699 | D:4      | Found a sand-covered staircase.
  1712 | D:4      | Reached skill level 5 in Shields
  1715 | Ossuary  | Entered an ossuary
  1843 | Ossuary  | Reached skill level 4 in Maces & Flails
  1843 | Ossuary  | Reached XP level 6. HP: 40/48 MP: 6/6
  2048 | Ossuary  | Noticed a wraith
  2048 | Ossuary  | Noticed a flying skull
  2122 | Ossuary  | Noticed a flying skull
  2124 | Ossuary  | Noticed a flying skull
  2130 | Ossuary  | Noticed a wraith
  2143 | Ossuary  | Killed a wraith
  2144 | Ossuary  | Reached skill level 5 in Maces & Flails
  2144 | Ossuary  | Reached skill level 5 in Armour
  2144 | Ossuary  | Reached XP level 7. HP: 34/54 MP: 7/7
  2213 | Ossuary  | Noticed a flying skull
  2214 | Ossuary  | Noticed a flying skull
  2254 | Ossuary  | Noticed a wraith
  2278 | Ossuary  | Killed a wraith
  2564 | D:4      | Reached skill level 6 in Maces & Flails
  2564 | D:4      | Reached XP level 8. HP: 55/61 MP: 8/8
  2611 | D:4      | Reached skill level 1 in Stealth
  2656 | D:4      | Found an ancient bone altar of Kikubaaqudgha.
  3064 | D:2      | Killed Robin
  3401 | D:3      | Found a white marble altar of Elyvilon.
  4084 | D:3      | Found a bloodstained altar of Trog.
  4191 | D:3      | Found Unowk's Magic Scroll Shoppe.
  4199 | D:3      | Bought a scroll of identify for 24 gold pieces
  4398 | D:4      | Learned a level 1 spell: Sandblast
  4443 | D:4      | Reached skill level 5 in Fighting
  4508 | D:4      | Noticed Natasha
  4510 | D:4      | Killed Natasha
  4537 | D:4      | Found a hazy altar of Hepliaklqana.
  5374 | D:5      | Entered Level 5 of the Dungeon
  5591 | D:5      | Reached skill level 7 in Maces & Flails
  5617 | D:5      | Found an ornate altar of the Wu Jian Council.
  5630 | D:5      | Slain by an ogre

Illustrated notes

Levels and vault maps discovered:
D:1:      tarquinn_simple_flora_water_e, layout_basic
D:2:      layout_basic, grunt_ministairs_13, uniq_robin
D:3:      cheibrodos_fertilizer, layout_loops_corners, bloody_trog,
          mainiacjoe_overflow_alcove_4, lemuel_crystal_altar, serial_shops, shop
D:4:      layout_basic, mainiacjoe_overflow_catwalk,
          nicolae_kikubaaqudgha_miasma_corner, nicolae_ossuary_entry_catacombs,
          lightli_corner_chamber, uniq_natasha
D:5:      minmay_angry_zag, layout_cave_pods, nicolae_vehumet_radiance,
          nicolae_wu_jian_wuxing_cycle, kennysheep_path_1, nrook_uturn,
          uniq_menkaure

Skill      XL: |  1  2  3  4  5  6  7  8 |
---------------+-------------------------+-----
Maces & Flails | 3 4 5 6 7 |  7.0
Armour         | 4 5 6 |  6.2
Shields        | 5 6 |  6.0
Fighting       | 4 5 |  5.1
Stealth        | 1 |  1.3
Dodging        | |  0.1

Action                     |  1- 3 |  4- 6 |  7- 9 || total
---------------------------+-------+-------+-------++-------
  Melee: Flail             |    95 |    30 |       ||   125
         Mace              |       |    44 |   172 ||   216
         Whip              |       |       |   112 ||   112
Ability: Shaft Self        |     2 |       |       ||     2
         Dig               |       |       |     1 ||     1
    Use: Scroll            |       |     1 |     5 ||     6
         Potion            |       |     3 |     6 ||     9
 Armour: Scale mail        |    42 |    19 |   142 ||   203
         Skin              |       |     9 |    17 ||    26
  Dodge: Dodged            |    43 |    14 |   124 ||   181
  Block: Buckler           |    26 |    17 |    72 ||   115

Table legend: (Time is in decaauts)
 A = Elapsed time spent in this place.
 B = Non-inter-level travel time spent in this place.
 C = Inter-level travel time spent in this place.
 D = Time resting spent in this place.
 E = Time spent auto-exploring this place.
 F = Levels seen in this place.
 G = Mean time per level.
                   A        B        C        D        E       F      G
               +--------+--------+--------+--------+--------+-----+--------+
         Total |   5674 |   5406 |    268 |    651 |   3578 |   6 |  945.7 |
       Dungeon |   4885 |   4617 |    268 |    230 |   3521 |   5 |  977.0 |
       Ossuary |    789 |    789 |      0 |    421 |     57 |   1 |  789.0 |
               +--------+--------+--------+--------+--------+-----+--------+

Top non-repeatable levels by time:
     D:4: 1381 daAuts
     D:3: 1370 daAuts
     D:1: 1139 daAuts
     D:2: 798 daAuts
 Ossuary: 789 daAuts
     D:5: 194 daAuts
